 Dungeon Crawl Stone Soup version 0.31-a0-981-geadf994542 (webtiles) character file.

Game seed: 11032428522198960563

18 sammy202020 the Changeling (level 2, 21/21 HPs)
             Began as a Demonspawn Shapeshifter on Nov 1, 2023.
             Quit the game on level 1 of the Dungeon.
             The game lasted 00:00:56 (558 turns).

sammy202020 the Changeling (Demonspawn Shapeshifter) Turns: 558, Time: 00:00:56

Health: 21/21      AC:  8    Str: 12    XL:     2   Next: 51%
Magic:  2/2        EV:  6    Int: 11    God:
Gold:   40         SH:  0    Dex: 12    Spells: 1/1 levels left

rFire   . .          .
                       - Unarmed
rCold   . . .        (no shield)
rNeg    . . .        i - +0 chain mail
rPois   .            (helmet currently unavailable)
rElec   .            (cloak currently unavailable)
rCorr   .            (gloves currently unavailable)
SInv    .            (boots currently unavailable)
Will    .....        (no amulet) Stlth
                     (no ring)
HPRegen 0.23/turn    (no ring)
MPRegen 0.08/turn

%: no passive effects
@: about to teleport, beast-form
A: beast (slay +1), powered by pain 1, weak 1
a: Begin Untransformation


You were on level 1 of the Dungeon.
You were a hulking beast.
You visited 1 branch of the dungeon, and saw 1 of its levels.

You collected 40 gold pieces.

Inventory:

Armour
 i - a +0 chain mail (worn)
Talismans
 c - a beast talisman
 d - a flux talisman
Potions
 b - a potion of lignification


   Skills:
 * Level 1.4 Fighting
 + Level 0.3 Armour
 + Level 1.9 Dodging
 * Level 2.9 Unarmed Combat
 * Level 2.9 Shapeshifting


You had one spell level left.
You didn't know any spells.
Your spell library contained the following spells:

 Spells                   Type           Power      Damage    Failure   Level
 Apportation              Tloc           0%         N/A       100%        1
 Jinxbite                 Hex            0%         N/A       100%        2
 Alistair's Intoxication  Tmut/Pois      0%         N/A       100%        5


Dungeon Overview and Level Annotations

Branches:
Dungeon (1/15)

Altars:


Innate Abilities, Weirdness & Mutations

You are a hulking beast.
Your limbs bulge with bestial killing power. (Slay +1)
You sometimes gain a little power by taking damage.
You are weak. (Str -2)


Message History

No target in view!
No target in view!
Things that are here:
a +0 dagger; a kobold corpse You now have 40 gold pieces (gained 16).
Things that are here:
a +0 club; a goblin corpse A kobold comes into view.
It is wielding a +0 dagger.
The kobold shouts!
The kobold moves out of view.
A kobold is nearby!
A kobold is nearby!
The kobold throws a stone.
The stone hits you but does no damage. The kobold hits you but does no damage.
You hit the kobold.
You kill the kobold!
No target in view!
No target in view!
No target in view!
No target in view!
No target in view!
No target in view!
No target in view!
No target in view!
Done exploring.
Done exploring.
Done exploring.
No target in view!
As you read the scroll labelled EJEMYNW HECOUM, it crumbles to dust.
It is a scroll of identify.
g - a potion of mutation
As you read the scroll labelled SEGRASHEDAO, it crumbles to dust.
You feel strangely unstable.
It was a scroll of teleportation.
As you read the scroll labelled USOTUCV NINAFEMU, it crumbles to dust.
You hear the flapping of tiny wings.
It was a scroll of butterflies.
You feel extremely strange.
You feel weaker.
Okay, then.
Unknown command.
Are you sure you want to abandon this character and quit the game? (Confirm with "yes".)

##......#####....
#.......### ##...
#.........####...
#.......#..##....
###b....##.#..###
#...bb..##.#.####
#bb.....##.#....#
#####.bb....##.†.....
#bbbhbbb###.........#
#bbbbb#######.......#
#bbbb..b.(.....#†...#
#.bbbb#######..##...#
#bb...# #.###...#
#..b..# ##........
####### ##...##...#
#...####### ###.....#


There were no monsters in sight!

Vanquished Creatures
  A ball python (D:1)
  A bat (D:1)
  3 endoplasms (D:1)
  A giant cockroach (D:1)
  A goblin (D:1)
  3 hobgoblins (D:1)
  4 kobolds (D:1)
  2 rats (D:1)
16 creatures vanquished.

Notes
Turn   | Place    | Note
-------+----------+-------------------------------------------
     0 | D:1      | sammy202020 the Demonspawn Shapeshifter began the quest for
                  | the Orb.
     0 | D:1      | Reached XP level 1. HP: 15/15 MP: 1/1
    70 | D:1      | Gained mutation: You sometimes gain a little power by
                  | taking damage. [demonic ancestry]
    70 | D:1      | Reached XP level 2. HP: 17/21 MP: 2/2
   557 | D:1      | Gained mutation: You are weak. (Str -2) [potion of
                  | mutation]
   558 | D:1      | Quit the game

Illustrated notes

Levels and vault maps discovered:
D:1:      amcnicky_arrival_single_pillar, layout_rooms

Action                     || total
---------------------------++-------
  Melee: Unarmed           ||    40
    Use: Scroll            ||     3
         Potion            ||     1
 Armour: Animal skin       ||     7
         Chain mail        ||     8
  Dodge: Dodged            ||    19

Table legend: (Time is in decaauts)
 A = Elapsed time spent in this place.
 B = Non-inter-level travel time spent in this place.
 C = Inter-level travel time spent in this place.
 D = Time resting spent in this place.
 E = Time spent auto-exploring this place.
 F = Levels seen in this place.
 G = Mean time per level.
                   A        B        C        D        E       F      G
               +--------+--------+--------+--------+--------+-----+--------+
         Total |    555 |    528 |     27 |      0 |    420 |   1 |  555.0 |
       Dungeon |    555 |    528 |     27 |      0 |    420 |   1 |  555.0 |
               +--------+--------+--------+--------+--------+-----+--------+

Top non-repeatable levels by time:
     D:1: 555 daAuts
